 Dungeon Crawl Stone Soup version 0.22-a0-348-gd16d139 (webtiles) character file.

154075 kidcy the Impaler (level 17, -11/146 HPs)
             Began as a Merfolk Ice Elementalist on Apr 10, 2018.
             Was the Champion of Ashenzari.
             Mangled by a spark wasp (12 damage)
             ... on level 4 of the Spider Nest.
             The game lasted 02:12:06 (55347 turns).

kidcy the Impaler (Merfolk Ice Elementalist)       Turns: 55347, Time: 02:12:07

Health: -11/146    AC: 19    Str: 10    XL:     17   Next: 62%
Magic:  1/34       EV: 21    Int: 21    God:    Ashenzari [******]
Gold:   1261       SH:  0    Dex: 16    Spells: 12/42 levels left

rFire    . . .     SeeInvis +   I - +4 halberd (elec) (curse)
rCold    . . .     Gourm    .   (shield currently unavailable)
rNeg     . . .     Faith    .   T - +0 steam dragon scales (curse)
rPois    .         Spirit   .   d - +0 helmet (curse)
rElec    .         Reflect  .   (no cloak)
rCorr    .         Harm     .   m - +2 pair of gloves (curse)
MR       +....     Clarity  +   e - +1 pair of boots of Tesch {Int+3} (curse)
Stlth    +++.......             (no amulet)
HPRegen  0.34/turn              Q - +6 ring of protection (curse)
MPRegen  0.24/turn              N - +3 ring of evasion (curse)

@: about to teleport
A: change form in water, swift swim, stealthy swim
a: Curse Item, Scrying, Transfer Knowledge, Renounce Religion


You were on level 4 of the Spider Nest.
You worshipped Ashenzari.
Ashenzari was exalted by your worship.
You were near starving.

You visited 5 branches of the dungeon, and saw 28 of its levels.
You also visited: Trove, Bailey and Volcano.

You collected 2348 gold pieces.
You spent 1087 gold pieces at shops.

Inventory:

Hand Weapons
 v - a +1 halberd of freezing
 I - a cursed +4 halberd of electrocution (weapon)
 P - the +2 long sword of the Ecumenical Temple {protect, Str+3}
   (You found it on level 2 of the Lair of Beasts)

   It protects the one who uses it against injury (+AC on strike).
   It affects your strength (+3).
Armour
 a - a cursed +1 hat of magic resistance
 d - a cursed +0 helmet (worn)
 e - the cursed +1 pair of boots of Tesch (worn) {Int+3}
   (You found it in a treasure trove)

   It affects your intelligence (+3).
   It has a curse placed upon it.
 f - the +2 shield of Resistance {rF+ rC+ MR+}
   (You found it in a treasure trove)

   It protects you from fire.
   It protects you from cold.
   It affects your resistance to hostile enchantments.
 l - a cursed +0 pair of gloves of dexterity
 m - a cursed +2 pair of gloves (worn)
 T - cursed +0 steam dragon scales (worn)
 V - a cursed +0 pair of gloves of strength
 Y - the cursed +0 pair of fencer's gloves {+Riposte Dex+3}
   (You found it in a treasure trove)

   It affects your dexterity (+3).
   It has a curse placed upon it.
 Z - a cursed +2 hat
Jewellery
 h - the cursed ring "Oblet" {Ice +Blink MR+ Str+3 Stlth+}
   (You acquired it on level 7 of the Dungeon)

   [ring of ice]

   It enhances your ice magic.
   It affects your strength (+3).
   It makes you vulnerable to fire.
   It protects you from cold.
   It affects your resistance to hostile enchantments.
   It lets you blink.
   It makes you more stealthy.
   It has a curse placed upon it.
 x - an uncursed ring of protection from magic
 J - the cursed ring of Ziwo Col {Ice +Blink rPois Str+5 Dex-5}
   (You acquired it in a bailey)

   [ring of ice]

   It enhances your ice magic.
   It affects your strength (+5).
   It affects your dexterity (-5).
   It makes you vulnerable to fire.
   It protects you from cold.
   It protects you from poison.
   It lets you blink.
   It has a curse placed upon it.
 N - a cursed +3 ring of evasion (right hand)
 Q - a cursed +6 ring of protection (left hand)
 X - an uncursed ring of magical power
Wands
 r - a wand of iceblast (7)
 t - a wand of random effects (7)
 y - a wand of disintegration (30)
 B - a wand of clouds (6)
 C - a wand of paralysis (7)
 E - a wand of polymorph (8)
 F - a wand of digging (22)
 O - a wand of flame (56)
 S - a wand of acid (19)
Scrolls
 b - 9 scrolls of identify
 j - a scroll of enchant weapon
 o - a scroll of teleportation
 q - 3 scrolls of fog
 D - 2 scrolls of silence
 L - 2 scrolls of magic mapping
 M - 6 scrolls of amnesia
Potions
 g - a potion of berserk rage
 i - 8 potions of curing
 k - a potion of cancellation
 n - 4 potions of might
 p - 4 potions of haste
 s - 9 potions of flight
 u - a potion of agility
 w - 5 potions of lignification
 G - 4 potions of mutation
 K - 3 potions of magic
Miscellaneous
 R - a phantom mirror
Comestibles
 c - 5 rations


   Skills:
 + Level 16.7 Fighting
 - Level 17.3(22.3) Polearms
 - Level 5.5 Armour
 - Level 5.7(8.8) Dodging
 - Level 2.1(4.4) Stealth
 * Level 4.1 Shields
 - Level 13.0 Spellcasting
 - Level 8.1(11.1) Conjurations
 - Level 2.5(5.0) Hexes
 - Level 2.4(4.8) Charms
 - Level 6.1(9.2) Summonings
 - Level 9.6(12.5) Ice Magic
 - Level 8.0(11.0) Air Magic


You had 12 spell levels left.
You knew the following spells:

 Your Spells              Type           Power        Failure   Level  Hunger
a - Freeze                Ice            ####         1%          1    None
b - Throw Frost           Conj/Ice       ######       1%          2    None
c - Ozocubu's Armour      Chrm/Ice       ######..     1%          3    None
d - Freezing Cloud        Conj/Ice/Air   ######....   6%          6    #####..
e - Confusing Touch       Hex            ####..       1%          1    None
f - Throw Icicle          Conj/Ice       ######..     1%          4    None
g - Summon Small Mammal   Summ           ####         1%          1    None
h - Mephitic Cloud        Conj/Pois/Air  #####...     1%          3    None
i - Summon Butterflies    Summ           ######..     1%          1    None
j - Apportation           Tloc           ###...       4%          1    None
k - Tukima's Dance        Hex            ####....     1%          3    None
s - Summon Ice Beast      Ice/Summ       ######..     1%          4    None


Dungeon Overview and Level Annotations

Branches:
Dungeon (15/15)            Temple (1/1) D:5            Lair (6/6) D:10
  Swamp (0/4) Lair:2       Spider (4/4) Lair:4        Slime (0/5) Lair:6
    Orc (2/2) D:12            Elf (0/3) Orc:2        Vaults (0/5) D:13
 Depths (0/5) D:15

Altars:
Ashenzari
Cheibriados
Dithmenos
Elyvilon
Fedhas
Hepliaklqana
Kikubaaqudgha
Makhleb
Okawaru
Ru
Trog
Vehumet
Wu Jian
Yredelemnul
Zin
The Shining One
Beogh

Shops:
D:4 (   D:6 }   D:8 !   D:10 *(*[   D:14 *   Orc:1 [   Orc:2 ::?[!

Annotations:
D:4 exclusion: downstairs
D:5 exclusion: downstairs
D:7 exclusion: downstairs
Lair:1 exclusion: downstairs
Lair:4 exclusion: oklob plant


Message History

* * * LOW HITPOINT WARNING * * *
The spark wasp shocks you!
* * * LOW HITPOINT WARNING * * *
The spark wasp pulls away from the web.
The orb spider pulsates with a strange energy.
The ghost moth hits you but does no damage.
The ghost moth closely misses you. The ghost moth stings you.
* * * LOW HITPOINT WARNING * * *
The spark wasp closely misses you.
The redback is engulfed in freezing vapours.
The wolf spider is engulfed in freezing vapours.
The demonic crawler is engulfed in freezing vapours.
The spark wasp stings you.
* * * LOW HITPOINT WARNING * * *
The spark wasp shocks you!
* * * LOW HITPOINT WARNING * * *
The spark wasp stings you!!
* * * LOW HITPOINT WARNING * * *
The spark wasp shocks you!
You die...

..##.^##.#...#....#....####^.....
..##..#...#.#..####^.^#..#..)#.#.
....#..#..^...^.##.##...####..#..
##..#.....##.......####.#.#.^#^..
###..#..#...^...........#.^^#...#
...^#....^#####...#####..##......
##.#..#..## , #.^.#*, ##......#..
.......###, #^.y# {,##...#.#.#
#.#..#^# ,{**,#.@.#, * ##......†
...^.### * #yy.# , *,,###^#.##
..#..^#, * *#.s.# ,,* #......
.##..##, *,∆ *#§§s#*, { ##.#...
....## ,*** ..§s§.., * ##^##.
#.#^# , #...§§§.[.#* ,, #####
##### *#.........# ## *{
*#...........# * #. *
*#s..........# , ** ##


You could see a ghost moth (invisible), 2 spark wasps, a demonic crawler, a wolf
spider and a redback.

Vanquished Creatures
  Jorgrun (Spider:4)
  Kirke (Spider:1)
  An emperor scorpion (Spider:1)
  A ghost moth (Spider:4)
  An orc warlord (Orc:1)
  3 entropy weavers
  The ghost of p0werm0de the Cleaver, a journeyman DDFi of Makhleb (Orc:2)
  2 spark wasps
  A yaktaur captain (D:15)
  A hydra (Lair:6)
  3 centaur warriors
  Fannar (D:12)
  2 catoblepae
  4 tengu warriors
  An anaconda (shapeshifter) (D:13)
  An ogre mage (Orc:2)
  An alligator (Lair:6)
  8 two-headed ogres
  6 death yaks
  Nergalle (Orc:2)
  A deep elf knight (D:15)
  5 skeletal warriors
  A deep troll (D:15)
  4 unseen horrors
  A wizard (D:13)
  Pikel (D:7)
  8 orc sorcerers
  A deep elf mage (D:14)
  20 orb spiders
  18 wolf spiders
  4 cyclopes
  18 elephants
  16 ugly things
  3 manticores
  2 moths of wrath (Spider:3)
  2 centaur zombies
  2 black mambas
  3 torpor snails
  An elephant (shapeshifter) (D:15)
  Psyche (D:8)
  A gargoyle (D:13)
  9 spiny frogs
  3 efreet
  10 komodo dragons
  3 centaur skeletons
  2 rime drakes
  2 yaktaurs
  2 kobold demonologists
  2 tengu conjurers (D:14)
  9 demonic crawlers
  12 polar bears
  4 hornets
  41 jumping spiders
  3 slime creatures (D:13)
  6 trolls
  3 dream sheep
  A raiju (Lair:6)
  10 blink frogs
  9 hippogriffs
  67 redbacks
  A shadow (D:12)
  Sigmund (D:4)
  22 tarantellas
  A wyvern (Lair:6)
  2 vampires
  6 fire bats (Volcano)
  29 yaks
  3 basilisks
  2 hogs (Spider:1)
  3 hungry ghosts
  A steam dragon (D:11)
  4 vampire mosquitoes (D:14)
  7 wargs
  20 soldier ants
  2 two-headed ogre zombies (D:12)
  2 acid dragons
  5 water moccasins
  10 hell hounds (Lair:6)
  10 porcupines
  18 orc warriors
  2 phantoms
  10 black bears
  3 sky beasts
  2 ice beasts
  11 ogres
  A slave (D:7)
  25 wolves
  7 centaurs
  8 crocodiles
  4 big kobolds
  21 bullfrogs
  A gnoll sergeant (D:6)
  5 scorpions
  A troll zombie (D:12)
  3 killer bees (D:9)
  7 wights
  8 electric eels
  2 howler monkeys (D:13)
  5 lava snakes (Volcano)
  5 crimson imps
  13 orc priests
  8 hounds
  4 jellies
  35 orc wizards
  2 bullfrog skeletons
  7 iguanas
  24 worker ants
  2 killer bee zombies
  5 ogre zombies (D:12)
  3 hound skeletons
  Robin (D:2)
  9 gnolls
  15 adders
  2 shadow imps
  An ooze (D:1)
  3 worms
  3 leopard geckos
  61 orcs
  8 bats
  6 giant cockroaches
  18 goblins
  14 hobgoblins
  13 jackals
  20 kobolds
  4 quokkas
  2 ball pythons
  A ball python zombie (D:6)
  8 frilled lizards
  A goblin skeleton (D:12)
  5 goblin zombies (D:12)
  4 hobgoblin zombies (D:12)
  4 orc skeletons (D:12)
  10 orc zombies
  4 rats
  3 plants
955 creatures vanquished.

Vanquished Creatures (collateral kills)
  A vault guard (D:13)
  4 hydras
  The ghost of erloom the Cleaver, a novice HOFi of Okawaru (D:8)
  A death yak (Lair:6)
  A queen ant (Lair:2)
  Sonja (D:11)
  The ghost of torrenera the Ogre Mage, a novice OgTm of Sif Muna (D:7)
  An orb spider (Spider:1)
  2 wolf spiders (Spider:1)
  2 ugly things
  A manticore (D:15)
  3 spiny frogs
  2 komodo dragons
  4 trolls
  A jumping spider (Spider:1)
  A hornet (Lair:3)
  A hippogriff (Lair:6)
  5 blink frogs
  A water elemental (D:13)
  15 yaks
  A wraith (D:15)
  A soldier ant (Lair:2)
  2 wargs
  2 water moccasins
  A porcupine (Lair:1)
  4 hell hounds (Lair:6)
  A phantom (D:8)
  4 orc warriors
  3 black bears
  A centaur (D:13)
  2 wolves (Lair:3)
  4 ogres
  A crocodile (D:8)
  A big kobold (D:11)
  5 bullfrogs
  A gnoll sergeant (D:9)
  A killer bee (D:9)
  A wight (D:6)
  A crimson imp (D:9)
  A quasit (D:10)
  4 orc priests
  2 hounds (D:10)
  2 orc wizards
  An iguana (D:7)
  4 worker ants
  A worker ant zombie (D:9)
  3 adders
  10 gnolls
  13 orcs
  A goblin (D:11)
  6 hobgoblins (Bailey)
  A jackal (D:7)
  A goblin skeleton (D:12)
  A plant (Lair:2)
137 creatures vanquished.

Vanquished Creatures (others)
  A two-headed ogre (D:11)
  An orc sorcerer (Orc:2)
  2 jumping spiders
  A hornet (Spider:4)
  A redback (Spider:1)
  A slave (D:8)
  A crimson imp (D:13)
  A hound (D:8)
  A bullfrog skeleton (D:13)
  An orc (D:13)
  15 fungi
  29 plants
  2 withered plants (D:9)
57 creatures vanquished.

Grand Total: 1149 creatures vanquished

Notes
Turn   | Place    | Note
-------+----------+-------------------------------------------
     0 | D:1      | kidcy the Merfolk Ice Elementalist began the quest for the Orb.
     0 | D:1      | Reached XP level 1. HP: 13/13 MP: 3/3
   235 | D:1      | Reached XP level 2. HP: 9/19 MP: 0/5
   701 | D:1      | Learned a level 2 spell: Throw Frost
   846 | D:1      | Reached XP level 3. HP: 17/24 MP: 1/6
   851 | D:1      | Learned a level 3 spell: Ozocubu's Armour
  1242 | D:2      | Noticed Robin
  1377 | D:2      | HP: 1/24 [goblin[Robin] (2)]
  1672 | D:2      | Killed Robin
  1672 | D:2      | Reached XP level 4. HP: 24/30 MP: 2/8
  2241 | D:2      | Reached skill level 5 in Ice Magic
  2659 | D:2      | Found a bloodstained altar of Trog.
  2835 | D:3      | Reached XP level 5. HP: 18/35 MP: 4/9
  3060 | D:3      | Learned a level 4 spell: Summon Ice Beast
  3489 | D:3      | Reached skill level 1 in Polearms
  3813 | D:4      | Reached skill level 2 in Polearms
  3813 | D:4      | Reached XP level 6. HP: 33/41 MP: 6/11
  4118 | D:4      | Found an ornate altar of the Wu Jian Council.
  4308 | D:4      | Reached skill level 3 in Polearms
  4426 | D:4      | Noticed Sigmund
  4435 | D:4      | Killed Sigmund
  4435 | D:4      | Reached skill level 4 in Polearms
  4435 | D:4      | Reached XP level 7. HP: 24/46 MP: 1/12
  4719 | D:4      | Found Yfezemet's Weapon Shoppe.
  4789 | D:5      | Entered Level 5 of the Dungeon
  5166 | D:5      | Found a staircase to the Ecumenical Temple.
  5204 | Temple   | Entered the Ecumenical Temple
  5217 | Temple   | Became a worshipper of Ashenzari the Shackled
  5390 | D:5      | Reached skill level 5 in Polearms
  5390 | D:5      | Reached skill level 1 in Summonings
  6460 | D:6      | Noticed a rust devil
  6465 | D:6      | Found Toguck Tuku's Gadget Boutique.
  6479 | D:6      | HP: 2/46 [iguana (10)]
  6787 | D:6      | Reached skill level 6 in Polearms
  6855 | D:6      | Bought a wand of iceblast (14) for 234 gold pieces
  6881 | D:6      | Reached XP level 8. HP: 52/52 MP: 10/14
  7556 | D:6      | Reached skill level 7 in Polearms
  8731 | D:7      | Reached skill level 8 in Polearms
  8913 | D:7      | Noticed torrenera's ghost (novice OgTm)
  8937 | D:7      | Killed torrenera's ghost
  8937 | D:7      | Reached skill level 9 in Polearms
  8937 | D:7      | Reached skill level 5 in Spellcasting
  8937 | D:7      | Reached skill level 5 in Summonings
  8937 | D:7      | Reached XP level 9. HP: 29/57 MP: 5/16
  9105 | D:7      | Found a white marble altar of Elyvilon.
  9414 | D:7      | Found a hazy altar of Hepliaklqana.
  9447 | D:7      | Identified a scroll of acquirement
  9447 | D:7      | Identified the cursed ring "Oblet" {Ice +Blink MR+ Str+3 Stlth+} (You acquired it on level 7 of the Dungeon)
  9696 | D:8      | Noticed erloom's ghost (novice HOFi)
  9936 | D:8      | Learned a level 1 spell: Apportation
  9939 | D:8      | Learned a level 1 spell: Confusing Touch
  9994 | D:8      | Noticed Pikel
 10231 | D:7      | Killed Pikel
 10231 | D:7      | Reached skill level 1 in Fighting
 10231 | D:7      | Reached skill level 10 in Polearms
 10231 | D:7      | Reached skill level 1 in Armour
 10463 | D:8      | Killed erloom's ghost
 10857 | D:8      | Reached skill level 11 in Polearms
 10863 | D:8      | Learned a level 1 spell: Summon Small Mammal
 11029 | D:8      | Reached * piety under Ashenzari
 11238 | D:8      | Found Geso's Distillery.
 11241 | D:8      | Bought 2 potions of curing for 78 gold pieces
 11241 | D:8      | Bought a potion of heal wounds for 65 gold pieces
 11411 | D:8      | Noticed Psyche
 11418 | D:8      | Killed Psyche
 11418 | D:8      | Reached XP level 10. HP: 63/70 MP: 4/18
 11896 | D:9      | Found a basalt altar of Yredelemnul.
 12163 | D:9      | Reached skill level 12 in Polearms
 12933 | D:9      | Found a shadowy altar of Dithmenos.
 13185 | D:10     | Entered Level 10 of the Dungeon
 13602 | D:10     | Found Hageasay's Assorted Antiques.
 13612 | D:10     | Bought a scroll labeled XEONODOHEH for 24 gold pieces
 13621 | D:10     | Found Elinix's Antique Weapon Shop.
 13626 | D:10     | Found Eptadu's Antique Armour Shoppe.
 13626 | D:10     | Found Sun Avesh's General Store.
 13679 | D:10     | Found a flagged portal.
 13708 | Bailey   | Entered a bailey
 14516 | Bailey   | Reached ** piety under Ashenzari
 14551 | Bailey   | Identified the cursed ring of Ziwo Col {Ice +Blink rPois Str+5 Dex-5} (You acquired it in a bailey)
 14730 | D:10     | Found a staircase to the Lair.
 14813 | D:10     | Reached skill level 13 in Polearms
 14813 | D:10     | Reached skill level 5 in Armour
 15070 | Lair:1   | Entered Level 1 of the Lair of Beasts
 15176 | Lair:1   | Reached skill level 5 in Fighting
 15462 | Lair:1   | Noticed a spiny frog
 15474 | Lair:1   | Reached XP level 11. HP: 78/80 MP: 10/19
 16262 | Lair:1   | Identified the +0 rapier of Execution {speed, Str+3}
 16765 | Lair:2   | Found a staircase to the Swamp.
 16890 | Lair:2   | Reached skill level 14 in Polearms
 16933 | Lair:2   | Identified the +2 long sword of the Ecumenical Temple {protect, Str+3}
 16942 | Lair:1   | HP: 4/81 [spiny frog (20)]
 17366 | Lair:2   | Reached skill level 5 in Dodging
 17993 | Lair:2   | Reached skill level 1 in Conjurations
 18258 | Lair:2   | Noticed a queen ant
 18300 | Lair:2   | Killed a queen ant
 18580 | Lair:2   | Learned a level 4 spell: Throw Icicle
 18896 | Lair:2   | Reached XP level 12. HP: 73/91 MP: 9/20
 19275 | Lair:2   | Reached skill level 15 in Polearms
 19882 | Lair:3   | Noticed a four-headed hydra
 19891 | Lair:3   | Killed a four-headed hydra
 20047 | Lair:3   | Reached *** piety under Ashenzari
 20989 | Lair:3   | Reached skill level 5 in Conjurations
 21789 | Lair:4   | Found a sacrificial altar of Ru.
 22098 | Lair:3   | Paralysed by a hornet for 1 turns
 22353 | Lair:4   | Noticed a catoblepas
 22963 | D:11     | Noticed a two-headed ogre
 22989 | D:11     | Killed a two-headed ogre
 23300 | D:11     | Noticed a three-headed hydra
 23327 | D:11     | Killed a four-headed hydra
 23500 | D:11     | Noticed Sonja
 23500 | D:11     | Noticed a two-headed ogre
 23523 | D:11     | Killed a two-headed ogre
 23781 | D:11     | Noticed a two-headed ogre
 23789 | D:11     | Killed a two-headed ogre
 23789 | D:11     | Reached XP level 13. HP: 69/99 MP: 3/21
 24070 | D:11     | Killed Sonja
 24070 | D:11     | Reached skill level 16 in Polearms
 24847 | D:11     | Found a glowing golden altar of the Shining One.
 25432 | D:12     | Noticed Fannar
 25457 | D:12     | Killed Fannar
 25574 | D:12     | Found a staircase to the Orcish Mines.
 25681 | D:12     | Reached **** piety under Ashenzari
 26207 | Orc:1    | Entered Level 1 of the Orcish Mines
 26521 | Orc:1    | Found Musi's Armour Shoppe.
 26534 | Orc:1    | Found a dark tunnel.
 26546 | Volcano  | Entered a volcano
 26844 | Volcano  | HP: 1/102 [hell knight/bolt of fire (34)]
 27073 | Volcano  | HP: 4/102 [hell knight/scimitar of flaming (22)]
 27476 | Orc:1    | Learned a level 3 spell: Mephitic Cloud
 28087 | Orc:2    | Entered Level 2 of the Orcish Mines
 28112 | Orc:2    | Reached skill level 1 in Air Magic
 28118 | Orc:2    | Noticed an orc warlord
 28324 | Orc:2    | Found Vusoemad's Book Boutique.
 29248 | Orc:1    | Killed an orc warlord
 29248 | Orc:1    | Reached skill level 10 in Fighting
 29594 | Orc:2    | Found a staircase to the Elven Halls.
 29623 | Orc:2    | Noticed p0werm0de's ghost (journeyman DDFi)
 29999 | Orc:1    | Found Musi's Armour Shoppe.
 30303 | D:13     | Reached skill level 17 in Polearms
 30344 | D:13     | Reached XP level 14. HP: 86/110 MP: 9/22
 31117 | D:13     | HP: 3/111 [centaur warrior/arrow (9)]
 31651 | D:10     | Identified the +4 ring mail "Ikkien" {Dex+4}
 33551 | Lair:4   | Reached skill level 5 in Air Magic
 33755 | Lair:4   | Found a blossoming altar of Fedhas.
 33840 | Lair:4   | Found a hole to the Spider Nest.
 34980 | Lair:5   | Reached ***** piety under Ashenzari
 35122 | Lair:6   | Entered Level 6 of the Lair of Beasts
 36799 | Lair:6   | Found a staircase to the Slime Pits.
 37714 | Lair:6   | Learned a level 1 spell: Summon Butterflies
 37820 | Lair:6   | Reached XP level 15. HP: 117/120 MP: 23/23
 38701 | Lair:6   | Identified the +8 spear of Ruer {holy, rPois rN+++ Int-3 Dex+2}
 38754 | Lair:6   | Identified the cursed +1 scale mail of Gubbe {rElec rF++ MR+}
 39810 | Orc:2    | Killed p0werm0de's ghost
 40460 | Orc:2    | Found Ysuruzirch's Distillery.
 40485 | Orc:2    | Found a radiant altar of Vehumet.
 40513 | Orc:2    | Found Vymeut's Magic Scroll Emporium.
 40527 | Orc:2    | Noticed Nergalle
 40530 | Orc:2    | Found an ancient bone altar of Kikubaaqudgha.
 40540 | Orc:2    | Killed Nergalle
 40551 | Orc:2    | Bought a scroll of teleportation for 42 gold pieces
 40551 | Orc:2    | Bought a scroll of blinking for 105 gold pieces
 40551 | Orc:2    | Bought a scroll of teleportation for 42 gold pieces
 40551 | Orc:2    | Bought a scroll of teleportation for 42 gold pieces
 40551 | Orc:2    | Bought a scroll of teleportation for 42 gold pieces
 40551 | Orc:2    | Bought a scroll of magic mapping for 49 gold pieces
 40606 | Orc:2    | Found Dif Vur's Antique Armour Emporium.
 40642 | Orc:2    | Found a roughly hewn altar of Beogh.
 40674 | Orc:2    | Found Biph's Book Shoppe.
 41553 | D:13     | Learned a level 6 spell: Freezing Cloud
 41961 | D:13     | Identified the cursed +1 scale mail of Elyvilon's Scorn {Regen+ MP+9 Str+2}
 41970 | D:13     | Found a gate to the Vaults.
 43015 | D:14     | Found a portal to a secret trove of treasure.
 43152 | D:8      | Bought a potion of haste for 130 gold pieces
 43152 | D:8      | Bought a potion of curing for 39 gold pieces
 43152 | D:8      | Bought a potion of agility for 52 gold pieces
 43152 | D:8      | Bought a potion of agility for 52 gold pieces
 43152 | D:8      | Bought a potion of curing for 39 gold pieces
 43152 | D:8      | Bought a potion of agility for 52 gold pieces
 43695 | D:14     | Found Uwaf's General Store.
 43789 | D:15     | Entered Level 15 of the Dungeon
 43806 | D:15     | Reached skill level 10 in Spellcasting
 44423 | D:14     | Reached XP level 16. HP: 88/131 MP: 30/30
 44703 | D:15     | Found a staircase to the Depths.
 45717 | D:15     | Found a glowing silver altar of Zin.
 46406 | Spider:1 | Entered Level 1 of the Spider Nest
 47132 | Spider:1 | Noticed Kirke
 48098 | Spider:1 | Killed Kirke
 48251 | Spider:1 | Reached ****** piety under Ashenzari
 50910 | Spider:2 | Reached skill level 15 in Fighting
 51217 | Spider:2 | Reached XP level 17. HP: 141/142 MP: 27/34
 52158 | Spider:3 | Learned a level 3 spell: Tukima's Dance
 52354 | Spider:3 | Reached skill level 1 in Hexes
 52766 | Spider:4 | Entered Level 4 of the Spider Nest
 52766 | Spider:4 | Identified the ring "Guziup" {rN+ Int+2 Stlth-}
 53933 | D:14     | You paid a toll of 9 potions of agility to enter a treasure trove
 53934 | Trove    | Entered a treasure trove
 53938 | Trove    | Found the cursed +18 shield of the Gong {rElec rN+ MR+ EV-5}
 53938 | Trove    | Found the cursed +0 pair of fencer's gloves {+Riposte Dex+3}
 53938 | Trove    | Identified the cursed +0 hat of Juxaf {Str+3 Dex+2}
 53939 | Trove    | Found the +2 shield of Resistance {rF+ rC+ MR+}
 53940 | Trove    | Identified the +6 plate armour "Ranaol" {Stlth+}
 53986 | Trove    | Got the cursed pair of boots of Tesch {Int+3}
 53997 | Trove    | Identified the cursed +1 pair of boots of Tesch {Int+3} (You found it in a treasure trove)
 54379 | Spider:4 | Reached skill level 1 in Shields
 54739 | Spider:4 | Noticed Jorgrun
 54744 | Spider:4 | Killed Jorgrun
 55347 | Spider:4 | HP: 1/146 [spark wasp (18)]
 55347 | Spider:4 | Mangled by a spark wasp

Vault maps used:
D:1:      ncdulo_watergridlock
D:2:      bloody_trog, uniq_robin
D:3:      serial_forest, infiniplex_forest_clump_small,
          infiniplex_forest_straight_4, infiniplex_forest_zigzag_2,
          infiniplex_forest_lined_3, infiniplex_forest_end_2,
          infiniplex_forest_clump_C, infiniplex_forest_corner_2,
          kennysheep_generic_room_13
D:4:      lemuel_crystal_altar, serial_shops, shop, uniq_sigmund
D:5:      minmay_temple_entry_fiery, first_ration
D:6:      serial_shops, nicolae_shop_temple_entry_statues_fountains,
          grunt_ministairs_4, item_on_display_a
D:7:      kennysheep_little_box, basic_altar
D:8:      serial_shops, kennysheep_mini, uniq_pikel, uniq_psyche
D:9:      kennysheep_mini_moat, yredelemnul_altar_generic
D:10:     david_lair_shrubbed, enter_bailey_8, serial_shops, shop, shop,
          nicolae_shop_overgrown_old_shop, nicolae_shop_window_shopping
D:11:     serial_shops, bzr_entry_customers, hangedman_ranch, minmay_liquid_box,
          serial_bayou_pond_d, nicolae_tso_swordbearing_angel, uniq_sonja
D:12:     zombieorc2_lemuel, uniq_fannar
D:13:     david_vaults_5, spider_trap, chequers_big_river
D:14:     abandoned_shop, serial_shops, shop, nicolae_trove_entry_diagonal,
          kennysheep_small_spiral
D:15:     hangedman_depths_entry_civil_slaughter, zin_angel
Temple:   regret_index_temple_mists
Lair:1:   serial_bayou_shore_a, serial_bayou_shore_b
Lair:2:   swamp_mist_pool, minivault_29
Lair:3:   grunt_megastairs_3
Lair:4:   nicolae_spider_entry_non_spiders, basic_altar, st_stairs_10,
          tgw_fedhas
Lair:6:   hangedman_lair_caniforms_friends, slime_dummy, minivault_23
Spider:1: guppyfry_spider_mini_3, uniq_kirke
Spider:4: johnstein_spider_rune_arachne_lair, uniq_jorgrun
Orc:1:    lightli_volcano_entry_magma_tube, serial_shops, shop, rock_pile
Orc:2:    kennysheep_orc_mage_school, serial_shops, nicolae_shop_statue_plus
Trove:    trove_armour_1
Bailey:   bailey_axe_2, bailey
Volcano:  volcano_grotto

Skill      XL: |  1  2  3  4  5  6  7  8  9 10 11 12 13 14 15 16 17 |
---------------+----------------------------------------------------+-----
Ice Magic      | 4 5 6 8 9 |  9.6
Spellcasting   | 3 4 5 10 13 | 13.0
Polearms       | 2 4 6 9 11 13 14 15 17 | 17.3
Charms         | 2 |  2.4
Summonings     | 2 5 6 |  6.1
Fighting       | 3 5 7 8 10 12 13 15 16 | 16.7
Armour         | 3 5 |  5.5
Dodging        | 5 |  5.7
Conjurations   | 3 6 8 |  8.1
Air Magic      | 3 8 |  8.0
Hexes          | 2 |  2.5
Shields        | 4 |  4.1
Stealth        | |  2.1

Action                   |  1- 3 |  4- 6 |  7- 9 | 10-12 | 13-15 | 16-18 || total
-------------------------+-------+-------+-------+-------+-------+-------++-------
Melee: Unarmed           |    25 |       |       |       |       |       ||    25
       Dagger            |    26 |    11 |       |       |       |       ||    37
       Trident           |       |    22 |   201 |   189 |       |       ||   412
       Halberd           |       |       |       |   285 |  1592 |   781 ||  2658
Throw: Stone             |     3 |       |       |       |       |       ||     3
 Cast: Freeze            |    66 |    58 |   112 |   284 |    60 |     7 ||   587
       Throw Frost       |       |    18 |    26 |     6 |     3 |       ||    53
       Ozocubu's Armour  |       |     1 |     1 |     3 |     4 |     1 ||    10
       Summon Ice Beast  |       |       |    51 |   128 |   128 |    27 ||   334
       Summon Small Mamm |       |       |       |     6 |       |       ||     6
       Throw Icicle      |       |       |       |     7 |    25 |    75 ||   107
       Apportation       |       |       |       |       |     1 |       ||     1
       Freezing Cloud    |       |       |       |       |     1 |    31 ||    32
Invok: Curse Item        |       |       |     2 |     3 |     3 |       ||     8
       Scrying           |       |       |       |     1 |     1 |       ||     2
Evoke: Wand              |       |       |     4 |     3 |    10 |    12 ||    29
  Use: Scroll            |     2 |       |    23 |    11 |    11 |     4 ||    51
       Potion            |       |     1 |     1 |    11 |    10 |    12 ||    35
 Stab: Sleeping          |     1 |     6 |     3 |     1 |    25 |     6 ||    42
       Distracted        |       |       |     6 |     7 |    12 |     5 ||    30
       Petrifying        |       |       |       |       |     1 |       ||     1
       Paralysed         |       |       |       |       |       |     7 ||     7
  Eat: Chunk             |     2 |     7 |    13 |    19 |    45 |    13 ||    99
       Ration            |     1 |       |     6 |    13 |    13 |    10 ||    43
Armor: Robe              |    34 |    11 |    57 |    82 |     4 |       ||   188
       Ring mail         |       |       |     1 |       |       |       ||     1
       Troll leather arm |       |       |       |     5 |       |       ||     5
       Steam dragon scal |       |       |       |       |   254 |   380 ||   634
Dodge: Dodged            |   102 |    45 |   186 |   431 |  1245 |   983 ||  2992

Table legend:
 A = Spawn XP
 B = Non-spawn XP
 C = Spawn XP percentage of total XP
 D = Spawn monster count
 E = Non-spawn monster count
 F = Spawn count percentage of total count
 G = Total turns spent on level
                    A         B        C        D         E        F      G
               +---------+---------+-------+---------+---------+-------+---------
         Total |       0 |  220108 |   0.0 |       0 |    1092 |   0.0 | 55347
               +---------+---------+-------+---------+---------+-------+---------
           D:1 |       0 |      47 |   0.0 |       0 |      27 |   0.0 |  1431
           D:2 |       0 |      91 |   0.0 |       0 |      29 |   0.0 |  1357
           D:3 |       0 |     145 |   0.0 |       0 |      14 |   0.0 |   973
           D:4 |       0 |     418 |   0.0 |       0 |      17 |   0.0 |  1423
           D:5 |       0 |     257 |   0.0 |       0 |      14 |   0.0 |  1417
           D:6 |       0 |     921 |   0.0 |       0 |      30 |   0.0 |  2392
           D:7 |       0 |    1038 |   0.0 |       0 |       8 |   0.0 |  1464
           D:8 |       0 |    2071 |   0.0 |       0 |      22 |   0.0 |  1768
           D:9 |       0 |    1930 |   0.0 |       0 |      41 |   0.0 |  1894
          D:10 |       0 |    2508 |   0.0 |       0 |      25 |   0.0 |  1112
          D:11 |       0 |    6777 |   0.0 |       0 |      39 |   0.0 |  2063
          D:12 |       0 |    7892 |   0.0 |       0 |      65 |   0.0 |  2453
          D:13 |       0 |   16771 |   0.0 |       0 |      54 |   0.0 |  2388
          D:14 |       0 |   10268 |   0.0 |       0 |      35 |   0.0 |  1446
          D:15 |       0 |   18089 |   0.0 |       0 |      40 |   0.0 |  1919
        Lair:1 |       0 |    3557 |   0.0 |       0 |      21 |   0.0 |  2404
        Lair:2 |       0 |    7788 |   0.0 |       0 |      59 |   0.0 |  3071
        Lair:3 |       0 |    6935 |   0.0 |       0 |      35 |   0.0 |  3422
        Lair:4 |       0 |    8030 |   0.0 |       0 |      27 |   0.0 |  1856
        Lair:5 |       0 |    6803 |   0.0 |       0 |      22 |   0.0 |  2965
        Lair:6 |       0 |   24778 |   0.0 |       0 |     102 |   0.0 |  2441
      Spider:1 |       0 |   21623 |   0.0 |       0 |      60 |   0.0 |  3054
      Spider:2 |       0 |   16614 |   0.0 |       0 |      51 |   0.0 |  1087
      Spider:3 |       0 |   17655 |   0.0 |       0 |      46 |   0.0 |  1974
      Spider:4 |       0 |   19155 |   0.0 |       0 |      42 |   0.0 |  1448
         Orc:1 |       0 |    5153 |   0.0 |       0 |      55 |   0.0 |  3086
         Orc:2 |       0 |    9700 |   0.0 |       0 |      63 |   0.0 |  1481
        Bailey |       0 |     229 |   0.0 |       0 |      34 |   0.0 |   878
       Volcano |       0 |    2865 |   0.0 |       0 |      15 |   0.0 |   546
               +---------+---------+-------+---------+---------+-------+---------
